 Dungeon Crawl Stone Soup version 0.29.1-2-gbd0b4ee654 (webtiles) character file.

Game seed: 17738581057513498160

126 Icepheonix32 the Trooper (level 4, -3/41 HPs)
             Began as a Minotaur Fighter on Oct 24, 2022.
             Slain by Pikel
             ... wielding a +1 whip of electrocution
              (4 damage)
             ... on level 3 of the Dungeon.
             The game lasted 00:01:55 (2304 turns).

Icepheonix32 the Trooper (Minotaur Fighter)         Turns: 2304, Time: 00:01:55

Health: -3/41      AC: 11    Str: 21    XL:     4   Next: 83%
Magic:  3/3        EV:  9    Int: 11    God:
Gold:   150        SH:  4    Dex: 11    Spells: 3/3 levels left

rFire   . . .      SeeInvis .   a - +0 war axe
rCold   . . .      Faith    .   c - +0 buckler
rNeg    . . .      Spirit   .   b - +0 scale mail
rPois   .          Reflect  .   (helmet restricted)
rElec   .          Harm     .   (no cloak)
rCorr   .          Rampage  .   (no gloves)
Will    .....                   (no boots)
Stlth   ..........              (no amulet)
HPRegen 0.13/turn               i - +6 ring of intelligence
MPRegen 0.08/turn               m - +4 ring of protection

@: mighty
A: horns 2, retaliatory headbutt
a: no special abilities


You were on level 3 of the Dungeon.
You visited 1 branch of the dungeon, and saw 4 of its levels.

You collected 150 gold pieces.

Inventory:

Hand Weapons
 a - a +0 war axe (weapon)
Armour
 b - a +0 scale mail (worn)
 c - a +0 buckler (worn)
Jewellery
 f - a ring of fire
 i - a +6 ring of intelligence (left hand)
 m - a +4 ring of protection (right hand)
Wands
 k - a wand of charming (5)
Scrolls
 g - 2 scrolls of poison {unknown}
 j - a scroll of enchant armour {unknown}
 n - 3 scrolls of identify {unknown}
 o - 2 scrolls of enchant weapon {unknown}
 q - a scroll of acquirement {unknown}
Potions
 e - 2 potions of resistance {unknown}
 h - a potion of attraction {unknown}
 l - a potion of brilliance {unknown}
 p - a potion of heal wounds {unknown}
 r - a potion of lignification {unknown}
 s - a potion of curing {unknown}
 t - 2 potions of mutation {unknown}


   Skills:
 * Level 4.8 Fighting
 + Level 4.0 Axes
 + Level 4.3 Armour
 + Level 0.6 Dodging
 + Level 4.2 Shields


You had 3 spell levels left.
You didn't know any spells.
Your spell library contained the following spells:

 Spells                   Type           Power      Damage    Failure   Level
 Static Discharge         Conj/Air       0%         3-3/arc   88%         2
 Inner Flame              Hex/Fire       0%         N/A       98%         3
 Cause Fear               Hex            0%         N/A       100%        4
 Lightning Bolt           Conj/Air       0%         1d11      100%        5
 Discord                  Hex            0%         N/A       100%        8
 Maxwell's Capacitive Co  Air            0%         ∞         100%        8


Dungeon Overview and Level Annotations

Branches:
Dungeon (4/15)
 Temple: D:4-7

Altars:
Fedhas

Annotations:
D:3 Pikel


Innate Abilities, Weirdness & Mutations

You have a pair of horns on your head.
You reflexively headbutt those who attack you in melee.


Message History

Pikel hits you with a +1 whip of electrocution.
You hit the lemure.
The lemure is almost dead.
You closely miss the lemure. You hit the lemure.
You hit Pikel but do no damage.
The lemure hits you but does no damage. x2
The lemure hits you.
Pikel hits you with a +1 whip of electrocution.
You slash the lemure!
The lemure is almost dead.
You barely miss Pikel. You hit the lemure but do no damage.
You barely miss the lemure. The lemure closely misses you. The lemure hits you.
The lemure hits you but does no damage.
Pikel hits you with a +1 whip of electrocution. x2
The lemure closely misses you. You furiously retaliate!
You headbutt the lemure!
You kill the lemure!
That felt strangely unrewarding.
The lemure barely misses you. You furiously retaliate!
You headbutt the lemure! The lemure hits you. The lemure hits you.
* * * LOW HITPOINT WARNING * * *
Pikel barely misses you.
You climb upwards.
There is a stone staircase leading down here.
Unknown command.
You feel very mighty all of a sudden. The lemure hits you.
* * * LOW HITPOINT WARNING * * *
The lemure hits you.
* * * LOW HITPOINT WARNING * * *
Pikel hits you with a +1 whip of electrocution.
* * * LOW HITPOINT WARNING * * *
You closely miss Pikel.
Pikel is lightly wounded.
You slash the lemure!
You kill the lemure!
That felt strangely unrewarding.
You slash the lemure!
You kill the lemure!
That felt strangely unrewarding.
Pikel hits you with a +1 whip of electrocution.
You die...

.............#.......#####.......
.............#...................
.###...............#####.........
................8.##...##.8......
.................##⌠....##...###.
................###.._...##......
.####....####..##.#⌠......##.....
.# #....# #..#.K##.......#.....
.# #....# #..#@..#####...'.#...
## #....# #..#.......##..#.#...
#....# #..##......⌠#.##.....
#....# ##..##..._..###...###
#....# #...##....⌠##...># ######
#..8.##...##.8...#
#[....#####......#
#................#
#######..........#


You could see Pikel.

Vanquished Creatures
  3 lemures
  An orc wizard (D:3)
  3 adders (D:2)
  A worm (D:2)
  2 dart slugs
  3 orcs (D:3)
  11 ball pythons
  2 endoplasms (D:3)
  A giant cockroach (D:1)
  6 goblins
  6 hobgoblins
  7 kobolds
  4 quokkas
  8 bats
  2 frilled lizards
  8 rats
68 creatures vanquished.

Vanquished Creatures (others)
  A fungus (D:2)
  3 plants (D:2)
4 creatures vanquished.

Grand Total: 72 creatures vanquished

Notes
Turn   | Place    | Note
-------+----------+-------------------------------------------
     0 | D:1      | Icepheonix32 the Minotaur Fighter began the quest for the
                  | Orb.
     0 | D:1      | Reached XP level 1. HP: 19/19 MP: 0/0
   320 | D:1      | Reached XP level 2. HP: 27/27 MP: 1/1
   756 | D:1      | Reached XP level 3. HP: 31/33 MP: 2/2
   917 | D:2      | Identified the +1 robe "Qilehil" {rPois rN+ Str-2 SInv}
  1209 | D:2      | You fall into a shaft and drop 2 floors!
  1263 | D:4      | Noticed a lemure
  1263 | D:4      | Noticed a lemure
  1263 | D:4      | Noticed a lemure
  1264 | D:4      | Noticed a lemure
  1264 | D:4      | Noticed Pikel
  1276 | D:3      | Found a faded altar of an unknown god.
  1280 | D:3      | Found a blossoming altar of Fedhas.
  1340 | D:3      | Reached XP level 4. HP: 39/41 MP: 3/3
  2240 | D:2      | Found a faded altar of an unknown god.
  2300 | D:4      | Killed a lemure
  2303 | D:3      | HP: 1/41 [Pikel/+1 whip of electrocution (3)]
  2304 | D:3      | Killed a lemure
  2304 | D:3      | Killed a lemure
  2304 | D:3      | Slain by Pikel

Illustrated notes

Levels and vault maps discovered:
D:1:      amcnicky_arrival_abandoned_market, layout_loops_cross
D:2:      layout_loops_ring, shapermc_ecumenical_altar_hornbeckon
D:3:      layout_basic, nicolae_overflow_ecumenical_swirl, columned_hall_lemuel
D:4:      layout_cave_pools, mainiacjoe_overflow_concentric_impassable,
          minmay_temple_entry_enclosed_plants, kennysheep_generic_room_6,
          uniq_pikel

Skill      XL: |  1  2  3  4 |
---------------+-------------+-----
Fighting       | 4 |  4.8
Armour         | 4 |  4.3
Shields        | 4 |  4.2
Axes           | 3 4 |  4.0
Dodging        | |  0.6

Action                   |  1- 3 |  4- 6 || total
-------------------------+-------+-------++-------
Melee: War axe           |    94 |    38 ||   132
       Headbutt          |     9 |     1 ||    10
  Use: Potion            |       |     1 ||     1
Armor: Scale mail        |    61 |    23 ||    84
Dodge: Dodged            |    43 |    19 ||    62
Block: Buckler           |    27 |     8 ||    35
